 Dungeon Crawl Stone Soup version 0.19.3-1-g3169bf9 (webtiles) character file.

7375 lukbor the Basher (level 10, -2/79 HPs)
             Began as a Demonspawn Berserker on Jan 23, 2017.
             Was an Elder of Trog.
             Slain by a troll (9 damage)
             ... on level 10 of the Dungeon.
             The game lasted 00:59:13 (9766 turns).

lukbor the Basher (Demonspawn Berserker)            Turns: 9766, Time: 00:59:14

Health: -2/79      AC: 16    Str: 21    XL:     10   Next: 92%
Magic:  19/19      EV: 16    Int:  8    God:    Trog [****..]
Gold:   554        SH:  0    Dex: 13    Spells: 0 memorised, 9 levels left

rFire  + . .     SeeInvis .     M - +4 falchion (drain)
rCold  . . .     Gourm    .     V - +2 scale mail {rN+}
rNeg   + . .     Faith    .     (no shield)
rPois  .         Spirit   .     u - +1 helmet
rElec  .         Reflect  .     d - +0 cloak
rCorr  .         Harm     .     (gloves unavailable)
MR     .....                    Q - +2 pair of boots {Fly}
Stlth  ..........               w - amulet of magic regeneration
                                a - ring of magical power
                                j - ring of protection from fire

@: exhausted, flying, slowed, very slow
A: claws 3, repulsion field 2, powered by death 1, powered by pain 1
a: Berserk, Trog's Hand, Brothers in Arms, Burn Spellbooks, Renounce Religion,
Stop Flying


You were on level 10 of the Dungeon.
You worshipped Trog.
Trog was greatly pleased with you.
You were very hungry.

You visited 1 branch of the dungeon, and saw 10 of its levels.

You collected 554 gold pieces.

Inventory:

Hand Weapons
 J - a +2 whip of freezing
 M - a +4 falchion of draining (weapon)
 R - a -3 whip
 S - a +1 hunting sling of freezing
 T - a +2 great sword
Missiles
 o - 55 arrows
Armour
 b - a +0 animal skin
 d - a +0 cloak (worn)
 k - a +0 plate armour
 n - a +0 pair of gloves
 s - a +0 helmet
 u - a +1 helmet (worn)
 A - a +0 plate armour
 B - a +2 pair of gloves
 N - a +2 leather armour of cold resistance
 Q - a +2 pair of boots of flying (worn)
 V - a +2 scale mail of positive energy (worn)
Jewellery
 a - a ring of magical power (right claw)
 j - a ring of protection from fire (left claw)
 w - an amulet of magic regeneration (around neck)
 U - a -3 ring of protection
Wands
 v - a wand of iceblast (5/15)
 C - a wand of digging (3/24)
 O - a wand of polymorph (12/24)
 P - a wand of acid (4/15)
 X - a wand of disintegration (20/24)
 Y - a wand of flame (18/48)
Scrolls
 e - 6 scrolls of remove curse
 f - 2 scrolls of fog
 g - 8 scrolls of identify
 h - 3 scrolls of teleportation
 i - 6 scrolls of fear
 l - 2 scrolls of blinking
 y - a scroll of amnesia
 F - a scroll of immolation
 Z - 2 scrolls of random uselessness {unknown}
Potions
 p - 4 potions of curing {unknown}
 q - a potion of magic {unknown}
 t - 2 potions of agility
 x - 2 potions of berserk rage
 z - a potion of might {unknown}
 E - 2 potions of lignification {unknown}
 G - a potion of cancellation
 H - a potion of heal wounds {unknown}
 I - a potion of cure mutation {unknown}
 K - a potion of degeneration {unknown}
 L - a potion of flight {unknown}
Comestibles
 c - 5 bread rations
 m - 2 slices of pizza
 r - 4 beef jerkies
 D - 4 fruits


   Skills:
 + Level 7.6 Fighting
 - Level 7.6 Long Blades
 * Level 8.0 Maces & Flails
 + Level 7.0 Armour
 + Level 6.2 Dodging
 - Level 0.4 Stealth


You had 9 spell levels left.
You didn't know any spells.

Dungeon Overview and Level Annotations

Branches:
Dungeon (10/15)            Temple (0/1) D:7            Lair (0/6) D:9
    Orc: D:9-12

Altars:
Qazlal
Uskayaw
Vehumet
The Shining One

Shops:
D:4 ?   D:10 }


Innate Abilities, Weirdness & Mutations

You have claws for hands.
You are surrounded by a moderate repulsion field. (EV +3)
You regenerate a little health from kills.
You sometimes gain a little power by taking damage.


Message History

* * * LOW HITPOINT WARNING * * *
The troll claws you.
* * * LOW HITPOINT WARNING * * *
You're too hungry.
Unknown command.
You start eating one of the 5 beef jerkies.
The troll bites you.
* * * LOW HITPOINT WARNING * * *
The troll claws you.
* * * LOW HITPOINT WARNING * * *
The troll barely misses you. The troll bites you but does no damage.
The troll misses you. The troll claws you but does no damage.
You are feeling hungry.
That beef jerky was delicious!
Your troll goes berserk!
You are feeling very hungry.
The troll barely misses you.
The troll claws you but does no damage. x2
Your troll rages.
The troll bites you!
You die...

≈≈≈≈.?...###.##...#### #.#
≈≈≈≈.................# #.#
≈≈≈≈....#######...##.# ##.##
≈≈≈≈....# #..###.# #....
≈≈≈≈....#######.####.####....
≈≈≈≈.......)..............###
###≈....#######.####.######
#≈..≈.######...###.#
#≈....#TyT@T.......#
#≈....#y####...########
T##≈....#.# ##.........#
.≈≈≈....#y# #########.#
TTT.....#†# #.# .≈≈≈....#y#
#.##### #≈≈....#y# #.##...
#≈≈....#.# #######......
#≈≈....#.#######........#.##


You could see 2 trolls, 2 killer bees and a friendly troll (berserk).

Vanquished Creatures
  An unseen horror (D:10)
  2 hill giants (D:10)
  Pikel (D:5)
  A two-headed ogre (D:8)
  A troll (D:10)
  6 yaks (D:10)
  2 hungry ghosts
  4 orc warriors
  2 sky beasts
  2 slaves (D:5)
  2 black bears
  A phantom (D:7)
  2 ogres
  A centaur (D:9)
  A big kobold (D:10)
  4 bullfrogs
  2 wyvern zombies
  5 scorpions
  4 killer bees (D:9)
  8 wights
  3 howler monkeys
  2 crimson imps
  4 hounds
  6 orc priests
  4 jellies
  11 orc wizards
  A centaur skeleton (D:7)
  Jessica (D:2)
  Natasha (thrice) (D:3)
  Ijyb (D:3)
  2 iguanas
  7 worker ants
  A killer bee zombie (D:8)
  Robin (D:3)
  7 gnolls
  A howler monkey zombie (D:7)
  12 adders
  A shadow imp (D:9)
  3 oozes
  An adder zombie (D:6)
  2 adder skeletons
  A worm (D:2)
  4 dart slugs
  8 leopard geckos
  31 orcs
  A ball python (D:6)
  8 bats
  4 giant cockroaches
  18 goblins
  12 hobgoblins
  12 jackals
  4 quokkas
  6 frilled lizards
  11 kobolds
  A quokka skeleton (D:4)
  8 rats
255 creatures vanquished.

Vanquished Creatures (collateral kills)
  Eustachio (D:6)
1 creature vanquished.

Vanquished Creatures (others)
  An adder skeleton (D:5)
1 creature vanquished.

Grand Total: 257 creatures vanquished

Notes
Turn   | Place    | Note
-------+----------+-------------------------------------------
     0 | D:1      | lukbor the Demonspawn Berserker began the quest for the Orb.
     0 | D:1      | Reached XP level 1. HP: 18/18 MP: 1/1
   572 | D:1      | Gained mutation: You regenerate a little health from kills. [demonic ancestry]
   572 | D:1      | Reached XP level 2. HP: 24/24 MP: 2/2
   901 | D:1      | Gained mutation: You are surrounded by a mild repulsion field. (EV +2) [demonic ancestry]
   901 | D:1      | Reached XP level 3. HP: 29/29 MP: 3/3
  1104 | D:1      | Reached ** piety under Trog
  1251 | D:2      | Found a hide-covered altar of Uskayaw.
  1277 | D:2      | Found a glowing golden altar of the Shining One.
  1354 | D:2      | Gained mutation: You have sharp fingernails. [demonic ancestry]
  1354 | D:2      | Reached XP level 4. HP: 18/35 MP: 4/4
  1728 | D:2      | Noticed Jessica
  1745 | D:2      | Killed Jessica
  2181 | D:2      | Reached XP level 5. HP: 41/41 MP: 5/5
  2275 | D:3      | Noticed Natasha
  2290 | D:3      | Killed Natasha
  2467 | D:3      | Reached skill level 5 in Long Blades
  2497 | D:3      | Noticed Natasha
  2507 | D:3      | Gained mutation: You are surrounded by a moderate repulsion field. (EV +3) [demonic ancestry]
  2507 | D:3      | Reached XP level 6. HP: 47/47 MP: 6/6
  2516 | D:3      | Killed Natasha
  2538 | D:3      | Noticed Ijyb
  2563 | D:3      | Killed Ijyb
  2576 | D:3      | Reached *** piety under Trog
  2696 | D:3      | Noticed Natasha
  2710 | D:3      | Killed Natasha
  2823 | D:3      | Noticed Robin
  2862 | D:3      | Killed Robin
  3223 | D:4      | Found Zeaz's Magic Scroll Emporium.
  3247 | D:4      | Reached XP level 7. HP: 36/53 MP: 7/7
  3951 | D:5      | Entered Level 5 of the Dungeon
  3991 | D:5      | Noticed Pikel
  4028 | D:5      | Killed Pikel
  4028 | D:5      | Gained mutation: You have very sharp fingernails. [demonic ancestry]
  4028 | D:5      | Reached XP level 8. HP: 39/61 MP: 8/8
  4250 | D:5      | Reached skill level 1 in Maces & Flails
  4450 | D:5      | Reached **** piety under Trog
  4949 | D:6      | Noticed Eustachio
  4955 | D:6      | Reached skill level 2 in Maces & Flails
  5012 | D:6      | Killed Eustachio
  5012 | D:6      | Reached skill level 5 in Fighting
  5610 | D:7      | Found a stormy altar of Qazlal.
  5648 | D:7      | Reached skill level 3 in Maces & Flails
  5797 | D:7      | Reached skill level 5 in Armour
  5809 | D:7      | Gained mutation: You sometimes gain a little power by taking damage. [demonic ancestry]
  5809 | D:7      | Reached XP level 9. HP: 42/68 MP: 9/9
  5967 | D:7      | Found a staircase to the Ecumenical Temple.
  6019 | D:7      | Reached skill level 4 in Maces & Flails
  7304 | D:8      | Reached skill level 5 in Maces & Flails
  7448 | D:8      | Reached ***** piety under Trog
  7861 | D:8      | Received a gift from Trog
  7871 | D:8      | Reached skill level 6 in Maces & Flails
  8069 | D:9      | Found a staircase to the Lair.
  8086 | D:9      | Reached skill level 5 in Dodging
  8103 | D:9      | Gained mutation: You have claws for hands. [demonic ancestry]
  8103 | D:9      | Reached XP level 10. HP: 52/77 MP: 10/10
  8448 | D:9      | Found a radiant altar of Vehumet.
  9051 | D:10     | Entered Level 10 of the Dungeon
  9095 | D:10     | Killed an unseen horror
  9121 | D:10     | Found Kept's Gadget Shoppe.
  9362 | D:10     | Noticed a hill giant
  9373 | D:10     | Noticed a hill giant
  9376 | D:10     | Reached skill level 7 in Maces & Flails
  9410 | D:10     | Killed a hill giant
  9413 | D:10     | Killed a hill giant
  9734 | D:10     | Reached skill level 8 in Maces & Flails
  9766 | D:10     | Slain by a troll

Skill      XL: |  1  2  3  4  5  6  7  8  9 10 |
---------------+-------------------------------+-----
Long Blades    | 3 4 5 7 |  7.6
Dodging        | 2 3 5 6 |  6.2
Armour         | 2 3 4 5 7 |  7.0
Fighting       | 4 5 6 7 |  7.6
Maces & Flails | 3 6 8 |  8.0
Stealth        | |  0.4

Action                   |  1- 3 |  4- 6 |  7- 9 | 10-12 || total
-------------------------+-------+-------+-------+-------++-------
Melee: Falchion          |   159 |    14 |   210 |   177 ||   560
       Long sword        |       |   249 |    97 |       ||   346
       Whip              |       |       |   137 |       ||   137
       Great sword       |       |       |   126 |       ||   126
Invok: Berserk           |       |     4 |     5 |     2 ||    11
       Brothers in Arms  |       |       |     1 |     1 ||     2
       Burn Spellbooks   |       |       |       |     1 ||     1
  Use: Scroll            |       |     9 |     7 |       ||    16
       Potion            |       |     5 |       |       ||     5
  Eat: Chunk             |     1 |       |    10 |     2 ||    13
       Meat ration       |       |     2 |     3 |     1 ||     6
       Beef jerky        |       |       |       |     2 ||     2
Armor: Animal skin       |     7 |       |       |       ||     7
       Plate armour      |    84 |   155 |   345 |    15 ||   599
       Scale mail        |       |       |       |    77 ||    77
Dodge: Dodged            |    89 |   101 |   304 |   142 ||   636
       Rpst.: Falchion   |    31 |     6 |    22 |    36 ||    95
       Long sword        |       |    31 |    20 |       ||    51
       Great sword       |       |       |    21 |       ||    21
